 Dungeon Crawl Stone Soup version 0.28.0 (webtiles) character file.

Game seed: 9152528937728075325

573 themarg the Caller (level 7, 0/43 (48) HPs)
             Began as a Merfolk Summoner on Feb 10, 2022.
             Slain by a wight (7 damage)
             ... on level 3 of the Dungeon.
             The game lasted 00:24:08 (5774 turns).

themarg the Caller (Merfolk Summoner)               Turns: 5774, Time: 00:24:08

HP:   0/43 (48)     AC:  2    Str:  8    XL:     7   Next: 34%
MP:   10/13         EV: 13    Int: 17    God:
Gold: 166           SH:  4    Dex: 12    Spells: 7/14 levels left

rFire   . . .      SeeInvis .   m - +0 spear
rCold   . . .      Faith    .   (no shield)
rNeg    . . .      Spirit   .   a - +0 robe
rPois   .          Reflect  .   (no helmet)
rElec   .          Harm     .   (no cloak)
rCorr   .          Rampage  .   (no gloves)
Will    .....                   (no boots)
Stlth   ++........              b - amulet of magic regeneration
HPRegen 0.14/turn               (no ring)
MPRegen 0.53/turn               (no ring)

@: heavily drained
A: (nimble swimmer 2), mertail, large bone plates 1, clumsy 1, wild magic 1,
MP-powered wands
a: no special abilities


You were on level 3 of the Dungeon.
You visited 1 branch of the dungeon, and saw 4 of its levels.

You collected 166 gold pieces.

Inventory:

Hand Weapons
 d - a +0 dagger
 m - a +0 spear (weapon)
Armour
 a - a +0 robe (worn)
Jewellery
 b - an amulet of magic regeneration (around neck)
Scrolls
 f - 2 scrolls of enchant armour {unknown}
 g - a scroll of immolation
 h - 3 scrolls of identify {unknown}
 l - a scroll of noise {unknown}
 n - a scroll of fog {unknown}
 r - a scroll of enchant weapon {unknown}
Potions
 c - a potion of degeneration {unknown}
 e - 2 potions of attraction {unknown}
 i - a potion of might {unknown}
 j - a potion of curing {unknown}
 k - a potion of mutation
 o - 3 potions of invisibility {unknown}
 p - a potion of ambrosia {unknown}
 q - a potion of heal wounds {unknown}


   Skills:
 + Level 1.4 Fighting
 + Level 0.5 Short Blades
 + Level 3.4 Polearms
 + Level 3.4 Dodging
 + Level 3.8 Stealth
 + Level 0.5 Shields
 + Level 4.3 Spellcasting
 + Level 5.8 Summonings


You had 7 spell levels left.
You knew the following spells:

 Your Spells              Type           Power      Damage    Failure   Level
a - Summon Small Mammal   Summ           100%       N/A       2%          1
b - Call Canine Familiar  Summ           30%        N/A       7%          3
c - Summon Guardian Gole  Hex/Summ       17%        N/A       21%         3

Your spell library contained the following spells:

 Spells                   Type           Power      Damage    Failure   Level
 Call Imp                 Summ           30%        N/A       3%          2
 Static Discharge         Conj/Air       4%         N/A       32%         2
 Summon Lightning Spire   Summ/Air       17%        N/A       50%         4
 Lightning Bolt           Conj/Air       2%         1d13      99%         5
 Maxwell's Capacitive Co  Air            2%         ∞         100%        8


Dungeon Overview and Level Annotations

Branches:
Dungeon (4/15)
 Temple: D:4-7

Altars:
Gozag
Okawaru
Xom


Innate Abilities, Weirdness & Mutations

((You are very nimble when in or above water. (Stealth+, EV+, Speed+++)))
Your lower body shifts to a powerful aquatic tail in water.
You are partially covered in large bone plates. (SH +4)
You are clumsy. (Dex -2)
Your spells are a little harder to cast, but a little more powerful.
You expend magic power (3 MP) to strengthen your wands.


Message History

Your hound bites the phantom but does no damage.
Reach: m) +0 spear
Press: ? - help, Dir - move target, f/p - phantom
Aim: a phantom (almost destroyed, ally target, about 50% to evade your +0 spear)
You barely miss the phantom.
The phantom is almost destroyed.
Your hound bites the phantom.
The phantom is destroyed!
You start resting.
HP restored.
Done exploring.
You swap places.
There is a stone staircase leading down, spattered with blood here.
Done exploring.
You swap places.
There is a stone staircase leading down, spattered with blood here.
You climb downwards.
Your summoned ally is left behind.
You block the wight's attack.
The wight hits you with a +2 short sword of speed!
You feel drained.
There is a stone staircase leading up, spattered with blood here.
Casting: Call Canine Familiar (dangerous; 7% risk of failure)
Confirm with . or Enter, or press ? or * to list all spells.
The wight barely misses you. The wight completely misses you.
The wight barely misses you. x3
You climb upwards.
Your summoned ally is left behind.
There is a stone staircase leading down, spattered with blood here.
Casting: Call Canine Familiar (dangerous; 7% risk of failure)
Confirm with . or Enter, or press ? or * to list all spells.
The wight hits you with a +0 great sword!
You feel drained.
The wight hits you with a +2 short sword of speed.
You feel drained.
The wight hits you with a +0 great sword!
* * * LOW HITPOINT WARNING * * *
Really read the scroll of immolation?
As you read the scroll of immolation, it crumbles to dust.
The creatures around you are filled with an inner flame!
The wight hits you with a +2 short sword of speed!
You die...

♣.._..♣ #.
♣.....♣#########.
#♣♣♣♣♣♣♣..........
#.# #.####...##. #.#
#.# #...##. #.# #.#
#...##. #.# #.#
#...##.
#z#####.####......
#@z...............
#z#####.#.##.....#
#h# #.#.##......
####.# #.#.##......
#...(# #.#.###....^
########.########.#.#
#.####
#........#........#.#
#..##.
#.########.########.#
##.##.
#.................#.#
#..#.


You could see 3 wights and a friendly hound (summoned, inner flame).

Vanquished Creatures
  A scorpion zombie (D:3)
  An adder (D:4)
  A dart slug (D:1)
  3 orcs (D:4)
  3 ball pythons
  A bat (D:2)
  2 endoplasms
  4 giant cockroaches
  A goblin (D:1)
  3 hobgoblins
  5 quokkas
  A frilled lizard (D:2)
  2 kobolds (D:1)
  4 rats
32 creatures vanquished.

Vanquished Creatures (collateral kills)
  2 black bears (D:4)
  An ogre (D:4)
  A phantom (D:3)
  A wight (D:4)
  2 orc priests (D:4)
  2 adders
  An adder skeleton (D:4)
  A worm (D:3)
  A dart slug (D:4)
  4 orcs (D:4)
  2 endoplasms
  5 goblins
  3 hobgoblins
  3 kobolds
  A quokka (D:1)
  4 ball pythons
  A bat (D:1)
  2 frilled lizards (D:1)
37 creatures vanquished.

Grand Total: 69 creatures vanquished

Notes
Turn   | Place    | Note
-------+----------+-------------------------------------------
     0 | D:1      | themarg the Merfolk Summoner began the quest for the Orb.
     0 | D:1      | Reached XP level 1. HP: 13/13 MP: 3/3
   415 | D:1      | Reached XP level 2. HP: 12/19 MP: 1/5
  1175 | D:1      | Found a faded altar of an unknown god.
  1726 | D:1      | Reached XP level 3. HP: 23/24 MP: 6/6
  2352 | D:2      | Learned a level 3 spell: Call Canine Familiar
  3432 | D:3      | Reached XP level 4. HP: 28/30 MP: 7/7
  3609 | D:3      | Found an opulent altar of Gozag.
  3771 | D:3      | Identified the +6 hand axe "Aruedas" {vorpal, *Noise Dex+9}
  4180 | D:3      | Gained mutation: You are partially covered in large bone
                  | plates. (SH +4) [potion of mutation]
  4180 | D:3      | Gained mutation: You are clumsy. (Dex -2) [potion of
                  | mutation]
  4180 | D:3      | Gained mutation: You have hidden genetic potential. [potion
                  | of mutation]
  4415 | D:4      | Reached skill level 1 in Polearms
  4415 | D:4      | Reached XP level 5. HP: 36/36 MP: 9/9
  4512 | D:4      | Learned a level 3 spell: Summon Guardian Golem
  4740 | D:4      | Gained mutation: You expend magic power (3 MP) to
                  | strengthen your wands. [hidden potential]
  4885 | D:4      | Found an iron altar of Okawaru.
  4885 | D:4      | Found a shimmering altar of Xom.
  4888 | D:4      | Noticed an ogre
  4891 | D:4      | Reached skill level 5 in Summonings
  4914 | D:4      | Killed an ogre
  4915 | D:4      | Reached skill level 1 in Fighting
  4915 | D:4      | Reached XP level 6. HP: 17/43 MP: 9/11
  5139 | D:4      | Noticed a black bear
  5159 | D:4      | Killed a black bear
  5162 | D:4      | Gained mutation: Your spells are a little harder to cast,
                  | but a little more powerful. [hidden potential]
  5162 | D:4      | Lost mutation: You have hidden genetic potential. [hidden
                  | potential expressed]
  5268 | D:4      | Noticed a black bear
  5283 | D:4      | Killed a black bear
  5477 | D:4      | Reached XP level 7. HP: 48/48 MP: 10/12
  5774 | D:3      | Slain by a wight

Illustrated notes

Levels and vault maps discovered:
D:1:      psy_arrival_terrarium, layout_basic, hellmonk_ecumenical_altar_blasted
D:2:      layout_basic
D:3:      layout_basic, mainiacjoe_overflow_alcove_1
D:4:      layout_loops_ring, gammafunk_temple_overflow_pools,
          saegor_snake_ambush

Skill      XL: |  1  2  3  4  5  6  7 |
---------------+----------------------+-----
Dodging        | 3 |  3.4
Polearms       | 1 2 3 |  3.4
Spellcasting   | 3 4 |  4.3
Summonings     | 5 |  5.8
Fighting       | 1 |  1.4
Stealth        | 3 |  3.8
Short Blades   | |  0.5
Shields        | |  0.5

Action                   |  1- 3 |  4- 6 |  7- 9 || total
-------------------------+-------+-------+-------++-------
Melee: Club              |    16 |       |       ||    16
       Dagger            |    74 |       |       ||    74
       Punch             |     1 |       |     1 ||     2
       Spear             |    36 |    57 |    15 ||   108
 Cast: Summon Small Mamm |    45 |    12 |     3 ||    60
       Call Canine Famil |     4 |    14 |     8 ||    26
  Use: Potion            |       |     1 |       ||     1
       Scroll            |       |       |     1 ||     1
 Stab: Sleeping          |     5 |     5 |       ||    10
       Distracted        |     2 |     3 |       ||     5
Armor: Robe              |    20 |     4 |       ||    24
Dodge: Dodged            |    80 |    18 |     8 ||   106
Block: Other             |       |     6 |     3 ||     9
